[Event "EU-ch 12th"]
[Site "Aix les Bains"]
[Date "2011.03.30"]
[Round "8"]
[White "Andriasian, Zaven"]
[Black "Jansa, Vlastimil"]
[Result "1/2-1/2"]
[ECO "B46"]
[WhiteElo "2645"]
[BlackElo "2513"]
[Annotator "Marchand,A/Primel,D"]
[PlyCount "61"]
[EventDate "2011.03.22"]
[EventType "swiss"]
[EventRounds "11"]
[EventCountry "FRA"]
[SourceTitle "CBM 142 Extra"]
[Source "ChessBase"]
[SourceDate "2011.06.27"]
[SourceVersion "1"]
[SourceVersionDate "2011.06.27"]
[SourceQuality "1"]
[TimeControl "40/5400+30:1800+30"]

1. e4 c5 2. Nf3 e6 3. d4 cxd4 4. Nxd4 Nc6 5. Nc3 a6 (5... Qc7) 6. Nxc6 bxc6 (
6... dxc6 $143 $6 7. Qxd8+ Kxd8 8. Bf4 $32 ) 7. Bd3 (7.
e5 ) 7... d5 8. O-O Nf6 9. Re1 (9. Qe2) 9... Be7 10. e5 Nd7 11. Qg4
$14 g6 (11... Kf8 ) 12. Na4 (12. Bh6 $36 Rb8 13. Qh3 Rb4 14. Bg7 Rg8 15. Qxh7 Rxg7 16. Qxg7 Bf8 17. Qg8 Qg5
18. f4 $5 Rxf4 19. Rf1 {Munoz,L (2326)-Quesada Perez,Y (2505) Santo Domingo op
2005 (5) 1-0} (19. g3 Bb7 $132 {Pavlovic})) (12. b3) 12... h5 (12... Qa5) (
12... Rb8) 13. Qe2 Nb6 14. Nxb6 Qxb6 15. c4 d4 16. Be4 a5 $146 ({RR} 16... Rb8
17. Bf4 c5 18. b3 Bb7 19. Qd2 Qd8 20. Qd3 h4 21. h3 Kf8 22. Bxg6 fxg6 23. Qxg6
Qe8 24. Bh6+ Rxh6 25. Qxh6+ Kg8 26. Qxe6+ Kh7 27. Qg4 Qg6 28. f4 Rg8 29. Qxg6+
Kxg6 30. Rad1 Kf5 31. Rd2 {Solomon,S (2470)-Laznicka,V (2591)/Dresden 2008/0-1
(45)}) 17. Bf4 Bb7 18. Rad1 (18. b3 a4 $132) 18... c5 19. Rd3 a4 $132 20. h3 Rb8 21. b3 Bxe4 22. Qxe4 Qb7 23. Qe2 Qc6 24. Rf3 (24. Qf3 {
La variante saisie а tort par la FFE} h4 25. Kh2 Rh5 26. g4 hxg3+ 27. fxg3 axb3
28. g4 Rh7 29. axb3 Ra8 30. Rf1 Ra7 31. Bg3) 24... h4 25. Kh2 Rh5 26. g4 hxg3+
27. fxg3 axb3 28. g4 (28. axb3) 28... Rh7 29. axb3 Ra8 30. Ref1 Ra7 31. Bg3
1/2-1/2

[Event "Metz op 31th"]
[Site "Metz"]
[Date "2013.04.24"]
[Round "4"]
[White "Svetushkin, Dmitry"]
[Black "Philippe, Christophe"]
[Result "1-0"]
[ECO "B46"]
[WhiteElo "2588"]
[BlackElo "2384"]
[Annotator "Metz Alekhine/Primel,D"]
[PlyCount "61"]
[EventDate "2013.04.20"]
[EventType "swiss"]
[EventRounds "9"]
[EventCountry "FRA"]
[SourceTitle "EXT 2016"]
[Source "ChessBase"]
[SourceDate "2015.10.08"]
[SourceVersion "1"]
[SourceVersionDate "2015.10.08"]
[SourceQuality "1"]
[TimeControl "40/5400:1800+30"]
[WhiteClock "1:30:00"]
[BlackClock "1:30:00"]

1. e4 c5 2. Nf3 e6 3. d4 cxd4 4. Nxd4 Nc6 5. Nc3 a6 {Une variante solide mais
un peu passive} (5... Qc7 $142) 6. Nxc6 $1 bxc6 7. Bd3 d5 (7... Qc7 {
L'alternative} 8. O-O Nf6 9. Qe2 d5 10. b3 (10. f4) 10... Be7 11. Bb2 O-O 12.
Rae1 Bb7 13. Kh1 Rfe8 14. f4 c5 15. e5 Nd7 16. Nd1 c4 {Vuckovic,B (2600)
-Rajkovic,D (2392) Gligoric Cup 2013 (7.1) 1-0} (16... d4 ) (16...
a5 )) 8. O-O Nf6 9. Qe2 (9. Re1) 9... Be7 10. Bf4 $5 (10. b3 {
La grande ligne} O-O 11. Bb2) 10... O-O 11. b3 {Bizarre après avoir joué Bf4
mais le plan des Blancs est de soutenir la poussée c4} (11. Rad1 $142 {
Muchnik,K-Furman,S Moscow 1970 (7) 1-0}) 11... Bb7 12. Rad1 Nd7 $146 (12... g6
13. Na4 Re8 14. c4 d4 15. c5 Nh5 16. Bd2 e5 17. g3 Ra7 18. b4 Bc8 19. Nb6 Bh3
20. Rfe1 a5 21. a4 axb4 22. Bxb4 Ng7 23. a5 Ne6 24. Na4 h5 25. Rb1 Kg7 26. Rec1
h4 27. Bd2 hxg3 28. fxg3 Rxa5 29. Bxa5 Qxa5 30. Ra1 Qd8 31. Rc2 Bg5 32. Kh1 Be3
33. Nb6 Nxc5 34. Rxc5 Qxb6 35. Rca5 Qd8 36. Qf3 Be6 37. h4 Qf6 38. Kg2 Bh3+ 39.
Kxh3 Qxf3 40. Rf1 Bf2 {0-1 (40) Horvat,D (2209) -Cvetkovic,S (2352) Arad 2013})
13. Na4 $14 Nb6 14. Nxb6 Qxb6 15. c4 Rfd8 16. Be3 Bc5 17.
Bg5 (17. Bxc5 $6 Qxc5 $11 ) 17... Rd7 18. e5 $1 {[%cal Ge2g4,Gg5f6]
Gagne de l'espace et les pièces Noires sont mal placées pour déféendre
l'aile-roi.} Be7 19. h4 a5 20. Bf6 $5 Bxf6 (20... gxf6 $5 21. Bxh7+ (21. Qg4+
Kf8 22. Bxh7 Ke8) 21... Kf8 22. Qg4 Ke8 {Le K Noir doit pouvoir survivre à
l'attaque en se réfugiant sur l'autre aile}) 21. exf6 gxf6 22. Qh5 Kf8 (22...
f5 23. Qg5+ Kh8 (23... Kf8 24. Qh6+ Ke7 25. Bxf5 exf5 26. Rfe1+ Kd8 27. cxd5
$44) 24. Bxf5 $1 exf5 25. Qf6+ Kg8 26. Rd3 $36 ) 23. Qxh7 Ke7 (
23... a4) 24. Rfe1 (24. Bg6 Kd8 25. Bxf7 Qc7) 24... c5 (24... Kd8) 25. Bf5 $1
Rd6 26. h5 Rad8 27. h6 $40 dxc4 $2 28. Rxd6 Rxd6 29. Bg6
cxb3 30. Qxf7+ Kd8 31. h7 1-0